 Dungeon Crawl Stone Soup version 0.30.1-11-g7821555f0a (webtiles) character file.

Game seed: 17962278733560248266

345 H0rd4k the Charlatan (level 6, -4/46 HPs)
             Began as a Human Artificer on Nov 20, 2023.
             Slain by a gnoll
             ... wielding a +0 halberd
              (13 damage)
             ... on level 3 of the Dungeon.
             The game lasted 00:05:57 (3375 turns).

H0rd4k the Charlatan (Human Artificer)              Turns: 3375, Time: 00:05:58

Health: -4/46      AC:  8    Str: 12    XL:     6   Next: 89%
Magic:  6/6        EV: 12    Int: 13    God:
Gold:   126        SH:  0    Dex: 14    Spells: 5/5 levels left

rFire   . . .        z - +0 flail
rCold   . . .        (no shield)
rNeg    . . .        b - +0 leather armour
rPois   .            (no helmet)
rElec   .            a - +2 cloak
rCorr   .            n - +0 pair of gloves
SInv    .            y - +0 pair of boots
Will    .....        (no amulet)
Stlth   +            (no ring)
HPRegen 0.27/turn    (no ring)
MPRegen 0.10/turn

%: no passive effects
@: very slow
A: no striking features
a: no special abilities


You were on level 3 of the Dungeon.
You visited 1 branch of the dungeon, and saw 3 of its levels.

You collected 126 gold pieces.

Inventory:

Hand Weapons
 u - a +4 hand axe
 z - a +0 flail (weapon)
Armour
 a - a +2 cloak (worn)
 b - a +0 leather armour (worn)
 n - a +0 pair of gloves (worn)
 y - a +0 pair of boots (worn)
Magical Staves
 i - a staff of earth
 j - a staff of death
Jewellery
 w - a ring of flight
Wands
 d - a wand of charming (8)
 e - a wand of iceblast (2)
 x - a wand of polymorph (3)
Scrolls
 l - a scroll of silence {unknown}
 m - a scroll of identify {unknown}
 o - a scroll of noise {unknown}
 q - a scroll of poison {unknown}
 r - a scroll of amnesia {unknown}
 s - 2 scrolls of teleportation {unknown}
Potions
 h - a potion of degeneration {unknown}
 p - a potion of might {unknown}
 t - a potion of brilliance
 v - a potion of lignification {unknown}


   Skills:
 + Level 2.5 Fighting
 + Level 3.7 Maces & Flails
 - Level 2.0 Armour
 + Level 3.2 Dodging
 - Level 1.0 Stealth
 + Level 4.2 Evocations


You had 5 spell levels left.
You didn't know any spells.
Your spell library was empty.

Dungeon Overview and Level Annotations

Branches:
Dungeon (3/15)

Altars:
Fedhas
Sif Muna


Message History

You enter the shallow water.
Moving in this stuff is going to be slow.
The gnoll closely misses you.
The gnoll splashes around in the water. x2
You hit the gnoll.
The gnoll is lightly wounded.
The gnoll misses you.
The gnoll splashes around in the water.
The gnoll barely misses you.
You closely miss the gnoll.
The gnoll is severely wounded.
The gnoll closely misses you. The gnoll misses you. x2
The gnoll hits you with a +0 halberd!
You hit the gnoll.
You kill the gnoll!
The gnoll splashes around in the water. x2
The gnoll hits you but does no damage.
You hit the gnoll.
The gnoll is moderately wounded.
The gnoll closely misses you.
The gnoll hits you from afar with a +0 halberd.
* * * LOW HITPOINT WARNING * * *
You closely miss the gnoll.
The gnoll is moderately wounded.
The gnoll closely misses you.
The gnoll hits you from afar with a +0 halberd.
* * * LOW HITPOINT WARNING * * *
The gnoll splashes around in the water.
Your unstable footing causes you to fumble your attack.
The gnoll closely misses you. The gnoll barely misses you.
You sock the gnoll!
The gnoll is almost dead.
The gnoll splashes around in the water.
The gnoll closely misses you.
Aiming: Throw Flame
Press: ? - help, Shift-Dir - straight line, f - gnoll
Aim: a gnoll, wielding a +0 flail (almost dead, 75% to hit)
The puff of flame hits the gnoll!
You kill the gnoll!
You hear a splash.
The now-empty wand crumbles to dust.
The gnoll hits you from afar with a +0 halberd!
You die...

#.#<..†.#.#....)#.#..†.......
#.#.###.#.#.....#.#.#<#######
#.#.###.#.#.....#.#.#########
#.#.....#.....#.#.#.........#
#.#############.#.#########.#
#..........[....#...........#
############..###################
................)))...)........).
~~~~~~~~~~~....~@≈)~~~~≈~~~~~~~≈≈
≈≈≈≈≈≈≈~≈≈~....§≈≈≈≈≈≈≈≈≈≈≈≈≈≈≈≈≈
≈≈~~~~~~~~~....~≈g~~≈~~~)≈)#####≈
.........................).#oh.#≈
###########''''#############...#≈
#.... #o###≈ #.... ..#.~≈ #....
#.~~ #.~≈


You could see a gnoll.

Vanquished Creatures
  2 howler monkeys (D:3)
  2 hounds (D:3)
  2 orc wizards (D:3)
  7 gnolls (D:3)
  2 worms
  A dart slug (D:3)
  12 orcs (D:3)
  6 ball pythons
  5 endoplasms
  2 giant cockroaches (D:1)
  4 hobgoblins
  9 jackals
  6 kobolds
  A quokka (D:3)
  2 bats
  3 frilled lizards
  6 goblins
  A rat (D:1)
73 creatures vanquished.

Vanquished Creatures (collateral kills)
  An orc (D:3)
  4 jackals (D:3)
  A kobold (D:1)
6 creatures vanquished.

Vanquished Creatures (others)
  A gnoll (D:3)
  An orc (D:3)
  A frilled lizard (D:1)
3 creatures vanquished.

Grand Total: 82 creatures vanquished

Notes
Turn   | Place    | Note
-------+----------+-------------------------------------------
     0 | D:1      | H0rd4k the Human Artificer began the quest for the Orb.
     0 | D:1      | Reached XP level 1. HP: 15/15 MP: 1/1
   222 | D:1      | Reached XP level 2. HP: 21/21 MP: 2/2
  1329 | D:2      | Reached XP level 3. HP: 22/26 MP: 3/3
  1524 | D:2      | Found a faded altar of an unknown god.
  1916 | D:3      | Reached skill level 1 in Maces & Flails
  1916 | D:3      | Reached XP level 4. HP: 32/32 MP: 4/4
  1936 | D:3      | Found a blossoming altar of Fedhas.
  1937 | D:3      | Found a shimmering blue altar of Sif Muna.
  2098 | D:3      | Reached XP level 5. HP: 21/38 MP: 5/5
  2104 | D:3      | Reached skill level 4 in Evocations
  2850 | D:3      | HP: 1/38 [jackal (3)]
  2859 | D:3      | Reached XP level 6. HP: 40/44 MP: 6/6
  3375 | D:3      | Slain by a gnoll

Illustrated notes

Levels and vault maps discovered:
D:1:      tarquinn_simple_flora_water_b, layout_basic
D:2:      layout_loops_ring, shapermc_ecumenical_altar_mp_vishouse
D:3:      lemuel_castle_with_subvaults [lemuel_castle_interior_carwin_2],
          layout_basic, mainiacjoe_overflow_catwalk_spiral, minmay_unequal

Skill      XL: |  1  2  3  4  5  6 |
---------------+-------------------+-----
Maces & Flails | 1 2 3 |  3.7
Dodging        | 2 3 |  3.2
Evocations     | 4 |  4.2
Fighting       | 2 |  2.5
Armour         | |  2.0
Stealth        | |  1.0

Action                     |  1- 3 |  4- 6 || total
---------------------------+-------+-------++-------
  Melee: Club              |   127 |    89 ||   216
         Punch             |     2 |     2 ||     4
         Flail             |       |    94 ||    94
  Evoke: Wand              |     7 |    18 ||    25
    Use: Potion            |       |     3 ||     3
   Stab: Sleeping          |     3 |     3 ||     6
 Armour: Leather armour    |    47 |    62 ||   109
  Dodge: Dodged            |    97 |   174 ||   271
